 Dungeon Crawl Stone Soup version 0.30-a0-748-ge6a52f7cba (webtiles) character file.

Game seed: 1322675184634399007

5052 Dittersdorf the Blocker (level 10, -3/66 HPs)
             Began as a Gargoyle Fighter on Feb 8, 2023.
             Was a High Priest of Okawaru.
             Slain by a two-headed ogre
             ... wielding a +0 dire flail
              (13 damage)
             ... on level 9 of the Dungeon.
             The game lasted 00:11:58 (8480 turns).

Dittersdorf the Blocker (Gargoyle Fighter)          Turns: 8480, Time: 00:11:59

Health: -3/66      AC: 26    Str: 24    XL:     10   Next: 56%
Magic:  10/10      EV: 11    Int:  9    God:    Okawaru [*****.]
Gold:   432        SH: 10    Dex:  9    Spells: 9/9 levels left

rFire   . . .      SeeInvis .    a - +1 flail
rCold   . . .      Faith    .    A - +0 kite shield
rNeg    + . .      Spirit   .    k - +0 plate armour
rPois   ∞          Reflect  .    (no helmet)
rElec   +          Harm     .    y - +0 cloak
rCorr   .          Rampage  .    (no gloves)
Will    .....                    (no boots) Stlth
                                 (no amulet)
HPRegen 0.31/turn                n - +5 ring of evasion
MPRegen 0.12/turn                i - +4 ring of protection

@: no status effects
A: sickness immunity, AC +7, negative energy resistance 1, electricity
resistance, torment resistance 1, petrification resistance
a: Renounce Religion, Heroism, Finesse, Duel


You were on level 9 of the Dungeon.
You worshipped Okawaru.
Okawaru was extremely pleased with you.
You visited 2 branches of the dungeon, and saw 10 of its levels.
You also visited: Ossuary.

You collected 432 gold pieces.

Inventory:

Hand Weapons
 a - a +1 flail (weapon)
Missiles
 b - a throwing net (quivered)
Armour
 k - a +0 plate armour (worn)
 y - a +0 cloak (worn)
 A - a +0 kite shield (worn)
Jewellery
 g - a ring of protection from fire
 i - a +4 ring of protection (right hand)
 n - a +5 ring of evasion (left hand)
Wands
 v - a wand of digging (6)
 w - a wand of paralysis (1)
 x - a wand of roots (3)
Scrolls
 j - 2 scrolls of immolation {unknown}
 p - 2 scrolls of poison {unknown}
 r - 7 scrolls of teleportation
 s - 2 scrolls of fear {unknown}
 u - a scroll of blinking
 z - 2 scrolls of enchant armour {unknown}
 C - a scroll of identify
Potions
 c - a potion of haste {unknown}
 d - 2 potions of might
 e - 3 potions of curing
 f - 2 potions of magic
 l - 4 potions of heal wounds
 m - 3 potions of brilliance
 o - a potion of mutation
 q - 3 potions of berserk rage
 t - 2 potions of ambrosia
 B - a potion of flight {unknown}


   Skills:
 + Level 9.0 Fighting
 + Level 7.9 Maces & Flails
 + Level 9.0 Armour
 + Level 9.1 Shields


You had 9 spell levels left.
You didn't know any spells.
Your spell library contained the following spells:

 Spells                   Type           Power      Damage    Failure   Level
 Foxfire                  Conj/Fire      0%         2x1d4     100%        1
 Vhi's Electric Charge    Tloc/Air       0%         N/A       100%        3
 Alistair's Intoxication  Tmut/Pois      0%         N/A       100%        5
 Arcjolt                  Conj/Air       0%         1d10      100%        5
 Borgnjor's Vile Clutch   Necr/Erth      0%         N/A       100%        5
 Fireball                 Conj/Fire      0%         3d3       100%        5
 Eringya's Noxious Bog    Tmut/Pois      0%         N/A       100%        6
 Starburst                Conj/Fire      0%         6d3       100%        6
 Maxwell's Capacitive Co  Air            0%         ∞         100%        8


Dungeon Overview and Level Annotations

Branches:
Dungeon (9/15)             Temple (1/1) D:4            Lair (0/5) D:8
Ossuary (visited)
    Orc: D:9-12

Altars:
Ashenzari
Cheibriados
Dithmenos
Elyvilon
Fedhas
Hepliaklqana
Kikubaaqudgha
Okawaru
Qazlal
Trog
Vehumet
Xom
Yredelemnul
The Shining One

Annotations:
D:1 1 runed translucent door
D:4 1 runed translucent door, mandoloar's ghost, amateur DECj
D:9 3 runed translucent doors, holysushi's ghost, novice OpCj
Temple 2 transporters


Innate Abilities, Weirdness & Mutations

You are immune to sickness and miasma.
Your stone body is resilient. (AC +7)
You are immune to poison.
You resist negative energy. (rN+)
You are resistant to electric shocks. (rElec)
You are resistant to unholy torment.
You are immune to petrification.


Message History

The two-headed ogre is lightly wounded.
You hit the two-headed ogre but do no damage.
The two-headed ogre is lightly wounded.
The two-headed ogre misses you. You block the two-headed ogre's attack.
You barely miss the two-headed ogre.
The two-headed ogre is lightly wounded.
The two-headed ogre closely misses you.
The two-headed ogre hits you with a +0 giant club!
You completely miss the two-headed ogre.
The two-headed ogre is lightly wounded.
You block the two-headed ogre's attack.
The two-headed ogre completely misses you.
You completely miss the two-headed ogre.
The two-headed ogre is lightly wounded.
You hit the two-headed ogre but do no damage.
The two-headed ogre is lightly wounded.
The two-headed ogre hits you but does no damage. x2
You hit the two-headed ogre.
The two-headed ogre is moderately wounded.
The two-headed ogre closely misses you.
The two-headed ogre hits you with a +0 giant club!!
You sock the two-headed ogre!
The two-headed ogre is moderately wounded.
The two-headed ogre barely misses you.
The two-headed ogre hits you but does no damage.
You thump the two-headed ogre!
The two-headed ogre is heavily wounded.
You sock the two-headed ogre!
The two-headed ogre is severely wounded.
The two-headed ogre hits you with a +0 dire flail.
The two-headed ogre hits you with a +0 giant club!
* * * LOW HITPOINT WARNING * * *
You sock the two-headed ogre!
The two-headed ogre is severely wounded.
The two-headed ogre hits you with a +0 dire flail.
* * * LOW HITPOINT WARNING * * *
The two-headed ogre completely misses you.
The two-headed ogre attacks as you move away!
The two-headed ogre hits you with a +0 dire flail!
You die...

#.## ##.#########
##........#
##.#######.#
#.....)....#######
.########........#
.# #.######.# .#
#.# ##.# .# #.#
#.@# .# #.# #O##
.########.# #.#
........#.# #.#
.#####.#..# #.# ##
#..###.# #.# .#
#.#.#.## #.# .#
#.##.## #.# .# #.
#.# #(#


You could see a two-headed ogre.

Vanquished Creatures
  A death yak (D:7)
  An elephant (D:7)
  A basilisk (D:7)
  2 water moccasins (D:5)
  2 sky beasts
  2 orc warriors (D:7)
  3 black bears
  An ogre (D:6)
  A centaur (D:8)
  A phantom (D:5)
  6 kobold brigands
  3 bullfrogs (D:6)
  A gnoll sergeant (D:9)
  A water moccasin zombie (Ossuary)
  6 necrophages
  6 scorpions
  3 wights (D:6)
  3 bullfrog zombies (Ossuary)
  A centaur zombie (Ossuary)
  2 hounds
  3 jellies
  2 gnoll boudas
  3 orc priests
  Crazy Yiuf (D:7)
  Jessica (D:2)
  A scorpion zombie (Ossuary)
  8 iguanas
  4 orc wizards
  A mummy (Ossuary)
  21 gnolls
  8 adders
  5 river rats (D:6)
  A shadow imp (D:6)
  3 white imps
  3 adder zombies (Ossuary)
  A worm (D:2)
  19 orcs
  6 endoplasms
  5 giant cockroaches
  3 goblins
  4 hobgoblins
  41 kobolds
  7 quokkas
  5 ball pythons
  4 bats
  5 frilled lizards
  2 gnoll zombies (Ossuary)
  2 goblin zombies (Ossuary)
  6 hobgoblin zombies (Ossuary)
  An orc zombie (Ossuary)
  18 rats
241 creatures vanquished.

Vanquished Creatures (others)
  A human (D:3)
  A fungus (D:9)
  3 plants (D:9)
5 creatures vanquished.

Grand Total: 246 creatures vanquished

Notes
Turn   | Place    | Note
-------+----------+-------------------------------------------
     0 | D:1      | Dittersdorf the Gargoyle Fighter began the quest for the
                  | Orb.
     0 | D:1      | Reached XP level 1. HP: 14/14 MP: 1/1
     1 | D:1      | Found a runed translucent door.
     3 | D:1      | Noticed a jelly
   189 | D:1      | Reached XP level 2. HP: 8/19 MP: 2/2
  1061 | D:2      | Reached XP level 3. HP: 11/24 MP: 3/3
  1321 | D:2      | Reached XP level 4. HP: 18/29 MP: 4/4
  1617 | D:2      | Noticed Jessica
  1625 | D:2      | Killed Jessica
  2169 | D:3      | Found a white marble altar of Elyvilon.
  2220 | D:3      | Reached XP level 5. HP: 33/33 MP: 5/5
  2453 | D:3      | Found an ancient bone altar of Kikubaaqudgha.
  2453 | D:3      | Noticed a human
  2456 | D:3      | Killed a human
  2629 | D:4      | Found a staircase to the Ecumenical Temple.
  2644 | Temple   | Entered the Ecumenical Temple
  2644 | Temple   | Found a transporter.
  2644 | Temple   | Found a transporter.
  2646 | Temple   | Found a transporter.
  2646 | Temple   | Found a transporter.
  2660 | Temple   | Became a worshipper of Warmaster Okawaru
  2679 | D:4      | Found a sand-covered staircase.
  2712 | Ossuary  | Entered an ossuary
  2784 | Ossuary  | Reached XP level 6. HP: 38/39 MP: 6/6
  2810 | Ossuary  | Reached * piety under Okawaru
  2857 | Ossuary  | Reached skill level 5 in Fighting
  2869 | Ossuary  | Reached skill level 5 in Armour
  2869 | Ossuary  | Reached skill level 5 in Shields
  2878 | Ossuary  | Reached XP level 7. HP: 44/44 MP: 7/7
  2891 | Ossuary  | Noticed a silent spectre
  3075 | D:4      | Found a shadowy altar of Dithmenos.
  3184 | D:4      | Found a bloodstained altar of Trog.
  3254 | D:4      | Noticed mandoloar's ghost (amateur DECj)
  3255 | D:4      | Found a runed translucent door.
  3619 | D:4      | Found a hazy altar of Hepliaklqana.
  3825 | D:5      | Entered Level 5 of the Dungeon
  3986 | D:5      | Reached ** piety under Okawaru
  4108 | D:5      | Reached XP level 8. HP: 51/51 MP: 8/8
  4250 | D:5      | Reached skill level 5 in Maces & Flails
  4608 | D:5      | Reached *** piety under Okawaru
  4811 | D:6      | Found a blossoming altar of Fedhas.
  5013 | D:6      | Reached XP level 9. HP: 48/56 MP: 9/9
  5659 | D:6      | Reached **** piety under Okawaru
  6841 | D:7      | Reached XP level 10. HP: 64/64 MP: 10/10
  6851 | D:7      | Found a radiant altar of Vehumet.
  7169 | D:7      | Found a runed translucent door.
  7170 | D:7      | Noticed Crazy Yiuf
  7177 | D:7      | Killed Crazy Yiuf
  7287 | D:8      | Noticed an elephant
  7300 | D:8      | Noticed a death yak
  7337 | D:7      | Killed a death yak
  7487 | D:7      | Killed an elephant
  7696 | D:8      | Found a staircase to the Lair.
  7732 | D:8      | Reached ***** piety under Okawaru
  8001 | D:8      | Received a gift from Okawaru
  8256 | D:9      | Noticed a kobold demonologist
  8259 | D:9      | Found a runed translucent gate.
  8260 | D:9      | Found a runed translucent gate.
  8260 | D:9      | Found a runed translucent gate.
  8260 | D:9      | Noticed a kobold demonologist
  8261 | D:9      | Noticed holysushi's ghost (novice OpCj)
  8462 | D:9      | Noticed a two-headed ogre
  8480 | D:9      | Slain by a two-headed ogre

Illustrated notes

Levels and vault maps discovered:
D:1:      dpeg_arrival_caged_fury, layout_basic, serial_co_window_serial,
          co_window_of_opportunity_a, co_window_paths_a,
          co_window_of_opportunity_a, co_window_paths_b, co_window_paths_a,
          co_window_2corner, co_window_cross_3, co_window_broadway_a,
          co_window_corner_b, co_window_corner_b, glass_columns_a
D:2:      layout_basic, uniq_jessica
D:3:      layout_basic, mainiacjoe_overflow_24_doors, tgw_kikubaaqudgha
D:4:      layout_loops_ring, bloody_trog, grunt_dithmenos_smoke_and_mirrors,
          worldfamousw_hep_ancestral_shrine, temple_fountains,
          nicolae_ossuary_entry_false_entrances, hellmonk_ghost_happy_afterlife
D:5:      layout_loops_ring
D:6:      lemuel_ratsnest, layout_basic, mainiacjoe_overflow_paths
D:7:      layout_loops_ring, mainiacjoe_overflow_alcove_2,
          uniq_crazy_yiuf_cottage
D:8:      layout_rooms, david_lair_generic
D:9:      layout_loops_ring, gammafunk_ghost_nasty_kobolds
Temple:   hellmonk_temple_divided_pantheon

Skill      XL: |  1  2  3  4  5  6  7  8  9 10 |
---------------+-------------------------------+-----
Fighting       | 4 5 6 8 9 |  9.0
Armour         | 4 5 6 8 9 |  9.0
Shields        | 4 5 7 8 9 |  9.1
Maces & Flails | 3 4 5 7 |  7.9

Action                     |  1- 3 |  4- 6 |  7- 9 | 10-12 || total
---------------------------+-------+-------+-------+-------++-------
  Melee: Flail             |   117 |   198 |   610 |   213 ||  1138
  Throw: Dart              |       |       |       |     5 ||     5
 Invoke: Heroism           |       |       |       |     2 ||     2
    Use: Scroll            |       |     5 |     9 |     1 ||    15
 Armour: Scale mail        |    65 |   128 |   214 |       ||   407
         Plate armour      |       |       |    47 |   155 ||   202
  Dodge: Dodged            |    61 |   174 |   381 |   142 ||   758
  Block: Buckler           |    30 |    66 |   153 |    74 ||   323
         Kite shield       |       |       |       |     4 ||     4

Table legend: (Time is in decaauts)
 A = Elapsed time spent in this place.
 B = Non-inter-level travel time spent in this place.
 C = Inter-level travel time spent in this place.
 D = Time resting spent in this place.
 E = Time spent auto-exploring this place.
 F = Levels seen in this place.
 G = Mean time per level.
                   A        B        C        D        E       F      G
               +--------+--------+--------+--------+--------+-----+--------+
         Total |   8680 |   8334 |    346 |    868 |   5179 |  11 |  789.1 |
       Dungeon |   8344 |   7998 |    346 |    868 |   5147 |   9 |  927.1 |
        Temple |     28 |     28 |      0 |      0 |      0 |   1 |   28.0 |
       Ossuary |    307 |    307 |      0 |      0 |     32 |   1 |  307.0 |
               +--------+--------+--------+--------+--------+-----+--------+

Top non-repeatable levels by time:
     D:7: 1427 daAuts
     D:6: 1356 daAuts
     D:1: 1104 daAuts
     D:5: 975 daAuts
     D:2: 926 daAuts
     D:4: 800 daAuts
     D:3: 780 daAuts
     D:8: 623 daAuts
     D:9: 348 daAuts
 Ossuary: 307 daAuts
  Temple: 28 daAuts
